 Dungeon Crawl Stone Soup version 0.16.2-2-g470672f (webtiles) character file.

90 monobi the Skirmisher (level 4, 0/37 HPs)
             Began as a Demonspawn Berserker on Sept 2, 2015.
             Was a Believer of Trog.
             Slain by a sky beast (6 damage)
             ... on level 2 of the Dungeon.
             The game lasted 00:06:10 (2677 turns).

monobi the Skirmisher (Demonspawn Berserker)        Turns: 2677, Time: 00:06:11

Health: 0/37       AC:  2    Str: 18    XL:     4   Next: 32%
Magic:  4/4        EV: 12    Int:  8    God:    Trog [**....]
Gold:   69         SH:  0    Dex: 13    Spells: 0 memorised, 3 levels left

rFire  . . .     SeeInvis .     a - +0 mace
rCold  + . .     Clarity  .     g - +0 robe
rNeg   . . .     SustAb   .     (no shield)
rPois  .         Gourm    .     (no helmet)
rElec  .         Spirit   .     (no cloak)
rCorr  .         Warding  .     (no gloves)
rMut   .         Stasis   .     (no boots)
MR     .....                    (no amulet)
Stlth  ++........               (no ring)
                                (no ring)

@: not resistant to hostile enchantments, unstealthy
A: cold resistance 1, demonic guardian 1
a: Burn Spellbooks, Berserk, Trog's Hand, Renounce Religion


You were on level 2 of the Dungeon.
You worshipped Trog.
Trog was pleased with you.
You were not hungry.

You visited 1 branch of the dungeon, and saw 2 of its levels.

You collected 69 gold pieces.

Inventory:

Hand weapons
 a - a +0 mace (weapon)
Armour
 b - a +0 animal skin
 g - a +0 robe (worn)
Jewellery
 e - an uncursed ring of protection from magic {unknown}
Scrolls
 d - a scroll of fog {unknown}
 f - 5 scrolls of identify {unknown}
 h - a scroll of teleportation {unknown}
 i - a scroll of immolation {unknown}
 j - a scroll of fear {unknown}
Comestibles
 c - 3 bread rations


   Skills:
 + Level 4.0 Fighting
 + Level 3.1 Maces & Flails
 + Level 2.0 Armour
 + Level 2.4 Dodging
 * Level 1.3 Stealth


You had 3 spell levels left.
You didn't know any spells.

Dungeon Overview and Level Annotations

Branches:
Dungeon (2/15)

Altars:
Ashenzari
The Shining One


Innate Abilities, Weirdness & Mutations

Your flesh is cold resistant.
A weak demonic guardian rushes to your aid.


Message History

Anything else - Stay silent.
Gang up on whom?
Press: ? - help, Dir - move target cursor There's nothing there!
Something barely misses your crimson imp.
Something hits your crimson imp but does no damage.
Something closely misses your crimson imp.
Something barely misses your crimson imp.
Something barely misses your crimson imp.
Something completely misses your crimson imp.
Something hits your crimson imp but does no damage.
Something hits your crimson imp. Something shocks your crimson imp.
Something hits your crimson imp. Something shocks your crimson imp.
Your crimson imp dies!
Something hits you. Something shocks you.
* * * LOW HITPOINT WARNING * * *
Something hits you.
* * * LOW HITPOINT WARNING * * *
Something shocks you.
You die...

#.# #.##.#.# #..##.#
#.####.#(.#.# #..<..#
#......#.##.#######.####
##.####.#.##......##.#
#######...###......#.......#
##...#..................####
.....##...###.#....####.#########
##...###.####.#....####.#........
###.## #......##@#......#.#####.#
# #.###########...#######.##....†
# #..)..# #...# #.##.##.# #
#####.# #...# #.#..##.#
#######.## #...# #........
##.......# #...# ###.#####
#.####..######...#########.#
##.###..................##..#####
....#...............#.....#.#....


There were no monsters in sight!

Vanquished Creatures
  4 adders (D:2)
  A giant mite (D:2)
  2 worms (D:2)
  2 oozes (D:1)
  An orc (D:2)
  4 giant cockroaches
  A goblin (D:2)
  7 jackals (D:2)
  3 kobolds
  A ball python (D:2)
  4 bats
  4 rats
34 creatures vanquished.

Vanquished Creatures (others)
  A crimson imp (D:2)
1 creature vanquished.

Grand Total: 35 creatures vanquished

Notes
Turn   | Place    | Note
--------------------------------------------------------------
     0 | D:1      | monobi, the Demonspawn Berserker, began the quest for the Orb.
     0 | D:1      | Reached XP level 1. HP: 18/18 MP: 1/1
   300 | D:1      | Found a shattered altar of Ashenzari.
   453 | D:1      | Gained mutation: A weak demonic guardian rushes to your aid. [demonic ancestry]
   453 | D:1      | Reached XP level 2. HP: 10/24 MP: 2/2
   915 | D:2      | Found a glowing golden altar of the Shining One.
   983 | D:2      | Gained mutation: Your flesh is cold resistant. [demonic ancestry]
   983 | D:2      | Reached XP level 3. HP: 26/30 MP: 3/3
  1031 | D:2      | Acquired Trog's second power
  1864 | D:2      | Reached skill level 1 in Stealth
  1864 | D:2      | Reached XP level 4. HP: 28/37 MP: 4/4
  1980 | D:2      | Reached skill level 4 in Fighting
  2654 | D:2      | Noticed a sky beast
  2677 | D:2      | Slain by a sky beast

Action                   |  1- 3 |  4- 6 || total
-------------------------+-------+-------++-------
Melee: Mace              |    99 |    26 ||   125
Invok: Berserk           |     1 |       ||     1
  Use: Potion            |     3 |       ||     3
 Stab: Sleeping          |     1 |       ||     1
  Eat: Chunk             |     2 |       ||     2
       Meat ration       |     1 |       ||     1
